 Dungeon Crawl Stone Soup version 0.17.1-3-g152610e (webtiles) character file.

743 Charly the Insei (level 7, 0/36 HPs)
             Began as a Vine Stalker Transmuter on Apr 29, 2016.
             Slain by a black bear (3 damage)
             ... on level 9 of the Dungeon.
             The game lasted 00:16:54 (982 turns).

Charly the Insei (Vine Stalker Transmuter)           Turns: 982, Time: 00:16:55

Health: 0/36       AC:  3    Str: 13    XL:     7   Next: 76%
Magic:  0/10       EV: 11    Int: 15    God:
Gold:   77         SH:  0    Dex: 14    Spells: 3 memorised, 4 levels left

rFire  . . .     SeeInvis .       - Unarmed
rCold  + . .     Clarity  .     n - +0 leather armour {rC+}
rNeg   . . .     SustAt   .     (no shield)
rPois  .         Gourm    .     (no helmet)
rElec  .         Spirit   +     (no cloak)
rCorr  .         Warding  .     (no gloves)
rMut   .         Stasis   .     (no boots)
MR     .....                    (no amulet)
Stlth  +.........               (no ring)
                                (no ring)

@: lethally poisoned (0 -> -1), very slightly contaminated, drained, not
resistant to hostile enchantments, very unstealthy
A: fangs 2, talons 1, low mp 1, regeneration 2, magic shield, antimagic bite, no
device heal 3, rot immunity, MP-powered wands
a: no special abilities


You were on level 9 of the Dungeon.
You were very hungry.

You visited 2 branches of the dungeon, and saw 10 of its levels.

You collected 77 gold pieces.

Inventory:

Missiles
 a - 6 arrows
Armour
 b - a +0 robe
 n - a +0 leather armour of cold resistance (worn)
Scrolls
 o - a scroll of recharging
Potions
 e - a potion of degeneration
 i - a potion of agility
 m - a potion of brilliance
Books
 c - a book of Changes

   Spells                             Type                      Level
   a - Beastly Appendage              Transmutation                1
   b - Sticks to Snakes               Transmutation                2
   c - Spider Form                    Transmutation/Poison         3
   d - Ice Form                       Ice/Transmutation            4
   e - Blade Hands                    Transmutation                5
Comestibles
 d - 2 bread rations
 h - 2 meat rations


   Skills:
 + Level 3.5(2.9) Fighting
 - Level 1.5(0.9) Dodging
 * Level 7.5(6.7) Unarmed Combat
 - Level 2.1(1.5) Spellcasting
 - Level 3.1(2.5) Transmutations


You had 4 spell levels left.
You knew the following spells:

 Your Spells              Type           Power        Failure   Level  Hunger
a - Beastly Appendage     Trmt           #.....       14%         1    ##.....
s - Sticks to Snakes      Trmt           #.........   21%         2    ###....
S - Spider Form           Trmt/Pois      #.........   58%         3    ####...


Dungeon Overview and Level Annotations

Branches:
Dungeon (9/15)             Temple (1/1) D:5
   Lair: D:8-11         Orc: D:9-12

Altars:
Ashenzari
Elyvilon
Kikubaaqudgha
Okawaru
Qazlal
Ru
Trog
Vehumet
Xom
Yredelemnul
Zin
The Shining One


Innate Abilities, Weirdness & Mutations

You have extremely sharp teeth.
You heal very quickly.
When hurt, damage is shared between your health and your magic reserves.
Your bite disrupts and absorbs the magic of your enemies.
Potions and wands cannot restore your health.
You are immune to rotting.
You have sharp toenails.
Your magical capacity is low (-10% MP).
You expend magic power (3 MP) to strengthen your wands.


Message History

You feel sick.
The orc shouts!
The orc wizard shouts!
Found an escape hatch in the floor.
An orc and a crimson imp come into view.
Found an escape hatch in the ceiling.
You feel sick.
You barely miss the black bear.
The orc shouts!
You claw the black bear, but do no damage.
You bite the black bear. You drain its power.
You feel invigorated.
The black bear is lightly wounded.
The black bear bites you. The black bear claws you. The black bear claws you.
* * * LOW HITPOINT WARNING * * *
You hit the black bear.
You claw the black bear, but do no damage.
The black bear is lightly wounded.
The black bear bites you.
* * * LOW HITPOINT WARNING * * *
The black bear claws you.
You die...

#.# ....... #†#
..<.....# #.#
...oo....# #.# ####
5>.......# ##.##.....
.......>.# ##.....#
...o.....# #...####
.........#####.#.#
.....o.o.h@....#.#
.........######..#
######.## #.##
#......# #.# ##z######
#.# #..z.z.###
####'##### ##.z....'.#
#........#
#'......#.###........#
##......#...'........#


You could see a black bear, 2 orc wizards and 3 orcs.

Vanquished Creatures
  An orc warrior (D:6)
  2 ice beasts
  An ogre (D:4)
  A black bear (D:9)
  A giant frog (D:7)
  An orc priest (D:6)
  2 giant frog skeletons (D:4)
  An orc wizard (D:7)
  A worker ant (D:6)
  The ghost of Charly the Ruffian, a weakling VSTm (D:4)
  2 adders
  6 orcs
  2 bats (D:3)
  A giant cockroach (D:4)
  2 hobgoblins
  2 jackals (D:4)
  5 kobolds
  2 giant newts (D:1)
  3 goblins
  5 rats
42 creatures vanquished.

Vanquished Creatures (collateral kills)
  An adder (D:3)
  A quokka (D:3)
2 creatures vanquished.

Grand Total: 44 creatures vanquished

Notes
Turn   | Place    | Note
--------------------------------------------------------------
     0 | D:1      | Charly the Vine Stalker Transmuter began the quest for the Orb.
     0 | D:1      | Reached XP level 1. HP: 9/9 MP: 4/4
    31 | D:1      | Reached XP level 2. HP: 6/14 MP: 6/6
    37 | D:1      | Learned a level 2 spell: Sticks to Snakes
   115 | D:3      | Reached skill level 4 in Unarmed Combat
   145 | D:3      | Reached XP level 3. HP: 3/17 MP: 2/7
   150 | D:3      | Learned a level 3 spell: Spider Form
   318 | D:4      | Noticed Charly's ghost (weakling VSTm)
   326 | D:4      | Killed Charly's ghost
   363 | D:4      | Reached XP level 4. HP: 16/21 MP: 1/8
   508 | D:4      | Noticed an ogre
   522 | D:4      | Killed an ogre
   522 | D:4      | Reached skill level 1 in Fighting
   522 | D:4      | Reached skill level 5 in Unarmed Combat
   522 | D:4      | Reached XP level 5. HP: 23/26 MP: 6/9
   540 | D:5      | Entered Level 5 of the Dungeon
   562 | D:5      | Found a staircase to the Ecumenical Temple.
   569 | Temple   | Entered the Ecumenical Temple
   653 | D:6      | Gained mutation: You heal very quickly. [Vine Stalker growth]
   653 | D:6      | Reached XP level 6. HP: 17/30 MP: 8/10
   702 | D:6      | Noticed an orc warrior
   712 | D:6      | Killed an orc warrior
   712 | D:6      | Reached skill level 6 in Unarmed Combat
   746 | D:7      | Reached XP level 7. HP: 25/35 MP: 5/11
   789 | D:6      | Gained mutation: Your magical capacity is low (-10% MP). [potion of mutation]
   789 | D:6      | Gained mutation: You expend magic power (3 MP) to strengthen your wands. [potion of mutation]
   789 | D:6      | Gained mutation: You have sharp toenails. [potion of mutation]
   845 | D:7      | Reached skill level 7 in Unarmed Combat
   982 | D:9      | Slain by a black bear

Action                   |  1- 3 |  4- 6 |  7- 9 || total
-------------------------+-------+-------+-------++-------
Melee: Unarmed           |    85 |    45 |    46 ||   176
 Cast: Sticks to Snakes  |     5 |     1 |       ||     6
       Spider Form       |     2 |     4 |     2 ||     8
 Abil: End Transformatio |       |       |     1 ||     1
  Use: Scroll            |       |       |     8 ||     8
       Potion            |       |       |     1 ||     1
 Stab: Sleeping          |     2 |       |       ||     2
  Eat: Pizza             |       |       |     1 ||     1
